 Dungeon Crawl Stone Soup version 0.29-a0-872-g797fff5ad1 (webtiles) character file.

Game seed: 9462871422816656502

2 spaghetti the Sneak (level 1, -4/18 HPs)
             Began as a Mummy Delver on July 19, 2022.
             Was an Initiate of Gozag.
             Slain by a bullfrog (7 damage)
             ... on level 6 of the Dungeon.
             The game lasted 00:01:18 (768 turns).

spaghetti the Sneak (Mummy Delver)                   Turns: 768, Time: 00:01:18

Health: -4/18      AC:  3    Str: 15    XL:     1   Next: 25%
Magic:  1/1        EV: 11    Int:  9    God:    Gozag
Gold:   51         SH:  0    Dex: 13    Spells: 0/0 levels left

rFire   x . .      SeeInvis .   a - +0 short sword {short}
rCold   + . .      Faith    .   (no shield)
rNeg    + + +      Spirit   .   b - +0 leather armour
rPois   ∞          Reflect  .   (no helmet)
rElec   .          Harm     .   (no cloak)
rCorr   .          Rampage  .   (no gloves)
Will    .....                   (no boots)
Stlth   ++........              (no amulet)
HPRegen 0.06/turn               (no ring)
MPRegen 0.07/turn               (no ring)

@: no status effects
A: cold resistance 1, negative energy resistance 3, torment resistance 2, heat
vulnerability 1, no potions
a: Renounce Religion, Potion Petition, Call Merchant, Bribe Branch


You were on level 6 of the Dungeon.
You worshipped Gozag.
Gozag was noncommittal.
You visited 2 branches of the dungeon, and saw 4 of its levels.

You collected 63 gold pieces.
You paid 12 gold pieces to Gozag.


Innate Abilities, Weirdness & Mutations

You are immune to poison.
Your flesh is cold resistant. (rC+)
You are immune to negative energy. (rN+++)
You are immune to unholy pain and torment.
You are vulnerable to heat. (rF-)
You do not drink.


   Skills:
 + Level 3.0 Fighting
 - Level 1.5 Short Blades
 + Level 1.6 Dodging
 - Level 4.1 Stealth


You couldn't memorise any spells.
You didn't know any spells.
Your spell library was empty.

Inventory:

Hand Weapons
 a - a +0 short sword (weapon) {short}
Missiles
 e - 5 stones (quivered) {throwing}
Armour
 b - a +0 leather armour (worn)
Jewellery
 g - a ring of magical power
   (You found it on level 5 of the Dungeon)
Wands
 f - a wand of digging (3)
Scrolls
 c - a scroll of fog
 d - a scroll of magic mapping {!r}

Dungeon Overview and Level Annotations

Branches:
Dungeon (7/15) Zot: 17242  Temple (1/1) D:5 Zot: 5985

Altars:
Cheibriados
Gozag
Kikubaaqudgha
Okawaru
Qazlal
Ru
Sif Muna
Yredelemnul

Annotations:
D:5 Prince Ribbit

.....................>#
s......F##......#.#.....#
.....##.##.##.#.#.#.###.#
.... #.##....#.#.#.# ...
..... #.......#.#.#.# #.#
......#####.#.#.#.#.. .#
.......<.##.#.# #.### #
...z#.#..##F#.# z #
#...@...# #.#.#.#$....
###.......... ....#......
##...#.##### ..#.. .
####.# # ..#.# ###.#.#.#


You could see a bullfrog.


Message History

There is a stone staircase leading up here.
You climb upwards.
Level annotation: Prince Ribbit The orc misses you.
The orc closely misses you.
There is a stone staircase leading down here.
Unknown command.
Unknown command.
Unknown command.
You completely miss the orc.
The orc hits you with a +0 hand axe. 😮 HP[-5]
You take 5 damage, and now have 13/18 hp.
MASSIVE DAMAGE!! (PAUSE) Unknown command.
You hit the orc.
The orc hits you with a +0 hand axe. 😮 HP[-2]
You take 2 damage, and now have 11/18 hp.
You barely miss the orc. The orc barely misses you.
You hit the orc.
You kill the orc!
You now have 9 gold pieces (gained 5).
You see here a +0 hand axe {axe}.
You start resting. 😎 HP[+7]
Your hp is fully restored (18).
You open the door.
There is an open door here.
You now have 28 gold pieces (gained 19).
Found an escape hatch in the ceiling.
Found a stone staircase leading down.
Key pressed, stopping explore.
Found an escape hatch in the floor.
(D) Dungeon (T) Temple
Where to? (Enter - D:5, ? - help) Sorry, I don't know how to get there.
An orc comes into view.
It is wielding a +0 club and quivering boomerangs of dispersal.
A hound comes into view.
There is a stone staircase leading down here.
You climb downwards.
There is a stone staircase leading up here.
Unknown command.
Unknown command.
There are monsters nearby!
You climb upwards.
Level annotation: Prince Ribbit
There is a stone staircase leading down here.
The orc shouts!
You hear a shout!
The orc throws a boomerang of dispersal.
The boomerang of dispersal closely misses you.
There is an escape hatch in the floor here.
You slide downwards.
The hatch slams shut behind you.
Found an iron altar of Okawaru and a sacrificial altar of Ru.
Unknown command.
Unknown command.
Unknown command.
Found an ancient bone altar of Kikubaaqudgha.
Found a stone staircase leading down.
There is an open door here.
There is a stone staircase leading down here.
You climb downwards.
You hear the roar of battle.
There is an entrance to a bailey on this level.
Hurry and find it before the portal closes forever!
Found 4 stones and a book of Misfortune.
Found a stone staircase leading up.
There is a stone staircase leading up here.
Unknown command.
Unknown command.
The gnoll shouts!
The gnoll bouda shouts!
The gnoll shouts!
There is a stone staircase leading up here.
You climb upwards.
There is a stone staircase leading down here.
Unknown command.
Unknown command.
e - 5 stones {throwing} You now have 34 gold pieces (gained 6).
You now have 51 gold pieces (gained 17).
A bullfrog comes into view.
The bullfrog gives a loud, deep croak!
Unknown command.
The bullfrog attacks as you move away! The bullfrog hits you. 😮 HP[-5]
You take 5 damage, and now have 13/18 hp.
MASSIVE DAMAGE!! (PAUSE)
The bullfrog attacks as you move away! The bullfrog hits you.
* * * LOW HITPOINT WARNING * * *
The bullfrog barely misses you. 😨 HP[-5]
You take 5 damage, and now have 8/18 hp.
MASSIVE DAMAGE!! (PAUSE)
Okay, then.
You can't drink.
Okay, then.
You barely miss the bullfrog. The bullfrog barely misses you.
You hit the bullfrog. The bullfrog misses you. The bullfrog hits you.
* * * LOW HITPOINT WARNING * * *
😱 HP[-5]
You take 5 damage, and now have 3/18 hp.
MASSIVE DAMAGE!! (PAUSE)
You barely miss the bullfrog. The bullfrog barely misses you.
You barely miss the bullfrog. The bullfrog hits you!
You die...
Your body crumbles into a pile of gold.

Action                   || total
-------------------------++-------
Melee: Short sword       ||    19
  Use: Scroll            ||     1
Armor: Leather armour    ||     4
Dodge: Dodged            ||    21

Levels and vault maps discovered:
D:5:      layout_basic, minmay_temple_entry_mist, serial_co_window_serial,
          co_window_paths_b, co_window_corner_a, co_window_paths_b,
          co_window_of_opportunity_a, co_window_paths_a, co_window_corner_b,
          co_window_corner_ca, co_window_of_opportunity_b, co_window_broadway_a,
          co_window_of_opportunity_b, glass_columns_a, uniq_prince_ribbit1,
          uniq_pikel
D:6:      layout_basic, minmay_overflow_temple_star_quad,
          nzn_wu_jian_council_hall, biasface_ghost_orc_armoury
D:7:      layout_loops_ring, enter_bailey_3, worms_lemuel
Temple:   cyrus_circular_temple

Notes
Turn   | Place    | Note
-------+----------+-------------------------------------------
     0 | D:5      | spaghetti the Mummy Delver began the quest for the Orb.
     0 | D:5      | Reached XP level 1. HP: 18/18 MP: 1/1
     0 | D:5      | magus.rc [v1.9.6]
    96 | D:5      | Noticed Prince Ribbit
   170 | Temple   | Entered the Ecumenical Temple
   177 | Temple   | Became a worshipper of Gozag Ym Sagoz the Greedy
   199 | D:6      | HP: 4/18 [adder (4)]
   683 | D:5      | Noticed a hound
   686 | D:6      | Noticed a wight
   686 | D:6      | Noticed a wight
   686 | D:6      | Noticed a wight
   686 | D:6      | Noticed a scorpion
   694 | D:6      | Found an iron altar of Okawaru.
   694 | D:6      | Found a sacrificial altar of Ru.
   711 | D:6      | Found an ancient bone altar of Kikubaaqudgha.
   728 | D:7      | Noticed a gnoll bouda
   754 | D:6      | Noticed a bullfrog
   766 | D:6      | HP: 3/18 [bullfrog (5)]
   768 | D:6      | Slain by a bullfrog

Vanquished Creatures
  An orc (D:5)
1 creature vanquished.

Table legend:
 A = Non-vault XP
 B = Vault XP
 C = Vault XP percentage of total XP
 D = Non-vault monster count
 E = Vault monster count
 F = Vault count percentage of total count
                 A         B        C        D         E       F
            +---------+---------+-------+---------+---------+-------
      Total |       3 |       0 |   0.0 |       1 |       0 |   0.0
            +---------+---------+-------+---------+---------+-------
        D:5 |       3 |       0 |   0.0 |       1 |       0 |   0.0
            +---------+---------+-------+---------+---------+-------

Illustrated notes

Table legend:
 A = Kills in this place as a percentage of kills in entire the game.
 B = Kills by you in this place as a percentage of kills by you in the entire game.
 C = Kills by friends in this place as a percentage of kills by friends in the entire game.
 D = Other kills in this place as a percentage of other kills in the entire game.
 E = Experience gained in this place as a percentage of experience gained in the entire game.
 F = Experience gained in this place divided by the number of levels of this place that you have seen.
                   A       B       C       D       E      F
               +-------+-------+-------+-------+-------+----------------------
         Total | 100.0 | 100.0 |   N/A |   N/A | 100.0 |   0.8
       Dungeon | 100.0 | 100.0 |   N/A |   N/A | 100.0 |   1.0
               +-------+-------+-------+-------+-------+----------------------

Table legend: (Time is in decaauts)
 A = Elapsed time spent in this place.
 B = Non-inter-level travel time spent in this place.
 C = Inter-level travel time spent in this place.
 D = Time resting spent in this place.
 E = Time spent auto-exploring this place.
 F = Levels seen in this place.
 G = Mean time per level.
                   A        B        C        D        E       F      G
               +--------+--------+--------+--------+--------+-----+--------+
         Total |    770 |    694 |     76 |    417 |    192 |   4 |  192.5 |
       Dungeon |    756 |    687 |     69 |    417 |    192 |   3 |  252.0 |
        Temple |     14 |      7 |      7 |      0 |      0 |   1 |   14.0 |
               +--------+--------+--------+--------+--------+-----+--------+

Top non-repeatable levels by time:
     D:6: 396 daAuts
     D:5: 356 daAuts
  Temple: 14 daAuts
     D:7: 3 daAuts
